Map: Overgrowth LE (Void)

Players

Ooo - Winner!

  • Race: Zerg Zerg
  • Spawn Location: 1:00

A.I. 2 (Easy)

  • Race: Terran Terran
  • Spawn Location: 7:00

VOD

Have the link to the VOD?

Description

Time

  • Played on: Jan. 7, 2017, 9:19 a.m.
  • Length: 16:52
Show
View Real Time Build Order
Export as new Build Order

Ooo Zerg - Winner!

Build Orders: Hatch First 

Get SALT Encoding   

  12  0:04  Drone  
  13  0:12  Drone  
  14  0:17  Overlord  
  14  0:37  Drone  
  14  0:38  Drone x2  
  17  0:55  Hatchery  
  16  1:00  Drone  
  16  1:01  Drone  
  18  1:19  Spawning Pool  
  18  1:20  Drone  
  18  1:28  Extractor  
  17  1:35  Drone  
  17  1:36  Overlord  
  18  1:58  Drone  
  18  1:59  Drone  
  20  2:36  Zergling x6  
  23  2:48  Metabolic Boost  
  23  3:02  Queen  
  25  3:05  Queen  
  27  3:16  Extractor  
  26  3:27  Overlord x2  
  26  3:28  Roach Warren  
  26  3:30  Drone  
  26  3:36  Drone x2  
  26  3:37  Drone  
  29  4:11  Roach  
  29  4:12  Roach x5  
  42  5:07  Drone x3  
  44  5:19  Lair  
  44  5:39  Overlord x2  
  44  5:40  Overlord  
  44  5:54  Drone x4  
  44  5:55  Drone x4  
  52  6:03  Extractor  
  50  6:24  Glial Reconstitution  
  50  6:37  Drone x5  
  50  6:38  Drone x7  
  62  6:59  Queen  
  54  7:52  Roach x5  
  54  7:53  Roach x3  
  54  7:55  Zergling x2  
  71  8:08  Hatchery  
  70  8:16  Hatchery  
  69  8:31  Hatchery  
  68  9:13  Drone x3  
  68  9:14  Drone x3  
  74  9:20  Extractor  
  73  9:25  Overlord x3  
  73  9:26  Overlord  
  73  9:27  Roach  
  73  9:28  Roach x6  
  87  9:53  Drone  
  87  9:55  Drone  
  87  9:57  Queen  
  91  10:01  Roach x3  
  91  10:03  Zergling x2  
  91  10:04  Zergling x16  
  106  10:12  Evolution Chamber  
  105  10:14  Evolution Chamber  
  104  10:47  Zerg Missile Weapons Level 1  
  104  10:49  Zerg Ground Armor Level 1  
  105  10:57  Ravager x3  
  105  10:58  Ravager x2  
  109  11:09  Ravager x6  
  109  11:10  Ravager x8  
  109  11:11  Ravager  
  124  11:21  Overlord  
  124  11:22  Overlord x6  
  124  11:23  Overlord x5  
  124  11:32  Overseer  
  124  11:39  Pneumatized Carapace  
  124  11:53  Queen  
  119  13:20  Zergling x18  
  119  13:21  Zergling x20  
  119  13:22  Zergling x24  
  119  13:23  Zergling x24  
Show
View Real Time Build Order
Export as new Build Order

A.I. 2 (Easy) Terran 

Build Orders:  

Get SALT Encoding   

  12  0:00  SCV  
  13  0:13  SCV  
  14  0:19  Supply Depot  
  14  0:25  SCV  
  15  0:40  SCV  
  15  0:42  Barracks  
  16  0:45  Refinery  
  16  1:08  Supply Depot  
  16  1:19  Refinery  
  16  1:30  Marine  
  16  1:31  Orbital Command  
  17  1:49  Barracks Tech Lab  
  17  2:07  Marine  
  18  2:12  Supply Depot  
  18  2:14  SCV  
  19  2:26  SCV  
  20  2:31  Marine  
  21  2:38  SCV  
  22  2:50  SCV  
  23  2:56  Marine  
  24  3:03  SCV  
  25  3:15  SCV  
  26  3:20  Marauder  
  28  3:45  Marauder  
  30  4:09  Marauder  
  32  6:53  Marine  
  33  6:56  Factory  
  33  6:58  Supply Depot  
  33  7:02  Command Center  
  33  7:11  Marine  
  30  7:29  Marine  
  25  7:40  Starport  
  25  7:47  Marine  
  26  8:04  Marine  
  27  8:15  SCV  
  29  8:20  SCV  
  29  8:22  Marine  
  29  8:25  Refinery, Starport Tech Lab  
  30  8:27  Refinery, SCV  
  30  8:32  SCV  
  32  8:39  SCV  
  32  8:40  Marine  
  34  8:44  SCV, Raven  
  37  8:51  SCV  
  38  8:56  SCV  
  38  8:58  Marauder  
  41  9:04  SCV  
  41  9:08  SCV  
  43  9:16  SCV  
  44  9:20  Marauder, SCV  
  47  9:27  Raven  
  47  9:28  SCV  
  50  9:32  SCV  
  51  9:40  SCV  
  51  9:41  Marine  
  51  9:44  SCV  
  54  9:46  Supply Depot  
  54  9:52  SCV  
  55  9:56  SCV  
  55  9:59  Marauder  
  58  10:04  SCV  
  59  10:08  SCV  
  60  10:16  SCV  
  60  10:21  SCV  
  62  11:52  Medivac, Reaper  
  62  11:53  Supply Depot  
  65  11:54  Engineering Bay  
  65  12:00  Command Center  
  65  12:17  Supply Depot  
  65  12:21  Terran Infantry Weapons Level 1  
  65  12:22  Medivac  
  67  12:24  Reaper  
  53  12:51  Raven  
  53  12:56  Reaper  
  56  13:12  SCV  
  57  13:17  SCV  
  58  13:21  SCV  
  58  13:25  SCV  
  60  13:27  Refinery  
  60  13:28  Marauder  
  60  13:29  SCV  
  60  13:30  Refinery  
  64  13:34  SCV  
  64  13:38  SCV  
  65  13:49  Marine  
  66  13:59  SCV  
  63  14:07  Marine  
  64  14:25  Reaper  
  64  14:26  SCV  
  64  14:30  SCV  
  64  14:34  Viking, SCV  
  57  14:39  SCV  
  49  14:48  SCV, Hellion  
  49  14:52  SCV  
  44  14:57  Marine  
  39  15:00  SCV  
  39  15:04  SCV  
  42  15:12  SCV  
  37  15:24  SCV  
  31  15:46  Command Center  
  31  15:48  Engineering Bay  
  31  15:50  Supply Depot  
  25  16:05  Supply Depot  
  25  16:08  Refinery  
  24  16:18  SCV  
  20  16:30  Supply Depot  
Tags
 
Matchup
TvZ
Replay Pack
replay pack
Spawn Locations
Cross Positions
Add a new tag
Caveats
  • Supply blocks, unpowered buildings, or Contaminate may cause inaccurate times.
  • Supply counts are checked every 10 seconds.